 Dungeon Crawl Stone Soup version 0.20.1-1-g8b1a95d (webtiles) character file.

63115 KingStallion the Fencer (level 15, -1/124 HPs)
             Began as a Barachi Fighter on Aug 10, 2017.
             Was the Champion of Okawaru.
             Slain by a harpy (18 damage)
             ... summoned by Kirke
             ... on level 12 of the Dungeon on Aug 15, 2017.
             The game lasted 01:45:14 (20651 turns).

KingStallion the Fencer (Barachi Fighter)          Turns: 20651, Time: 01:45:14

Health: -1/124     AC:  0    Str: 19    XL:     15   Next: 8%
Magic:  8/19       EV: 21    Int:  8    God:    Okawaru [******]
Gold:   1330       SH:  5    Dex: 13    Spells: 14/14 levels left

rFire    . . .     SeeInvis .     - Unarmed
rCold    . . .     Gourm    .   (shield currently unavailable)
rNeg     . . .     Faith    .   (armour currently unavailable)
rPois    .         Spirit   .   (helmet currently unavailable)
rElec    .         Reflect  +   (cloak currently unavailable)
rCorr    .         Harm     .   (gloves currently unavailable)
MR       +....                  (boots currently unavailable)
Stlth    ++++......             k - +5 amulet of reflection
Regen    0.3/turn               (ring currently unavailable)
MPRegen  0.2/turn               (ring currently unavailable)

@: pig-form, heroism, studying Armour, drained, very quick
A: +LOS, swims, blurry vision 1, clumsy 1, dopey 1
a: Heroism, Finesse, Renounce Religion


You were on level 12 of the Dungeon.
You worshipped Okawaru.
Okawaru was exalted by your worship.
You were not hungry.
You were a filthy swine.
You visited 4 branches of the dungeon, and saw 20 of its levels.
You also visited: Labyrinth.

You collected 1380 gold pieces.
You spent 50 gold pieces at shops.

Inventory:

Hand Weapons
 a - a +1 broad axe of flaming
 i - the +7 falchion of Valiance {antimagic, *Slow Dex+7}
   (Okawaru gifted it to you on level 1 of the Lair of Beasts)

   It reduces the magical energy of the wielder, and disrupts the spells and
   magical abilities of those hit.
   Natural abilities and divine invocations are not affected.
   It affects your dexterity (+7).
   It may slow you when you take damage.
 t - the +1 scimitar of the Ego {slice, rF- Dex+4 SInv}
   (Okawaru gifted it to you on level 3 of the Lair of Beasts)

   It inflicts extra damage upon your enemies.
   It affects your dexterity (+4).
   It makes you vulnerable to fire.
   It lets you see invisible.
 x - a +5 hunting sling of freezing
 V - a +4 antimagic demon blade (melded)
 W - a cursed +0 battleaxe
Armour
 h - a +2 shield of reflection (melded)
 j - the +1 hat of Bitterness {Str-4 Int+7}
   (Okawaru gifted it to you on level 4 of the Lair of Beasts)

   It affects your strength (-4).
   It affects your intelligence (+7).
 m - a +0 chain mail (melded)
 y - a +2 pair of gloves (melded)
 H - a +0 cloak (melded)
 R - the +2 helmet of Gluttony (melded) {-Cast +Blink rF- MP+9 Str+8}
   (You acquired it on level 11 of the Dungeon)

   It affects your strength (+8).
   It makes you vulnerable to fire.
   It affects your magic capacity (+9).
   It lets you blink.
   It prevents spellcasting.
Jewellery
 k - a +5 amulet of reflection (around neck)
 s - the ring "Jyost" (melded) {Wiz rPois MR+ Int+4}
   (You found it on level 1 of the Lair of Beasts)

   [ring of wizardry]

   It improves your spell success rate.
   It affects your intelligence (+4).
   It protects you from poison.
   It affects your resistance to hostile enchantments.
 K - an uncursed ring of teleportation
 N - a ring of stealth (melded)
Wands
 d - a wand of lightning (3/15)
 g - a wand of disintegration (12/24)
 C - a wand of clouds (2/9)
 I - a wand of digging (10/24)
 X - a wand of flame (17/48)
 Y - a wand of disintegration (9/24)
Scrolls
 b - a scroll of noise {unknown}
 f - a scroll of brand weapon {unknown}
 l - 2 scrolls of teleportation
 n - 7 scrolls of remove curse
 w - a scroll of blinking
 z - a scroll of amnesia
 F - 8 scrolls of identify
 S - 2 scrolls of fear
 Z - 2 scrolls of recharging
Potions
 r - a potion of curing
 u - 3 potions of magic
 A - 2 potions of cancellation
 B - a potion of flight
 P - 2 potions of brilliance
Books
 e - a manual of Armour
Comestibles
 c - 16 chunks of flesh
 q - 6 royal jellies
 M - 2 meat rations


   Skills:
 * Level 13.2(18.0) Fighting
   Level 4.0(15.3) Short Blades
 * Level 15.6(20.6) Long Blades
 + Level 1.3(6.2) Axes
   Level 0.7(6.0) Maces & Flails
 * Level 13.9(18.7) Armour
 + Level 5.1(9.9) Dodging
 + Level 3.6(8.4) Stealth
 * Level 13.2(17.9) Shields
 + Level 2.5(7.3) Unarmed Combat
 + Level 5.5(5.3) Invocations
 + Level 4.6(4.4) Evocations


You had 14 spell levels left.
You didn't know any spells.

Dungeon Overview and Level Annotations

Branches:
Dungeon (12/15)            Temple (1/1) D:4            Lair (6/6) D:11
  Swamp (0/4) Lair:4       Spider (0/4) Lair:4        Slime (1/5) Lair:5
    Orc (0/2) D:11

Altars:
Ashenzari
Cheibriados
Dithmenos
Elyvilon
Fedhas
Gozag
Hepliaklqana
Kikubaaqudgha
Makhleb
Nemelex Xobeh
Okawaru
Qazlal
Ru
Sif Muna
Trog
Uskayaw
Vehumet
Xom
Yredelemnul
Zin
The Shining One

Shops:
D:5 !   D:6 *   D:10 :   D:12 ?

Annotations:
D:6 1 runed door
D:12 Kirke


Innate Abilities, Weirdness & Mutations

Shadows flee at your approach. (+LOS)
You can swim through water.
((You cover ground slowly.))
((You can hop longer distances.))
((You are partially covered in large bone plates. (SH +4)))
((Your skin changes colour to match your surroundings (Stealth+).))
Scrolls take you a little longer to read.
You are clumsy. (Dex -2)
You are dopey. (Int -2)
((Your system is resistant to poisons. (rPois)))


Message History

The hog completely misses you. The hog closely misses you.
You hit something. You block the harpy's attack. The harpy misses you.
The hog barely misses you. The hog misses you. x2
You hit something. The hog barely misses you. The hog completely misses you.
You block the harpy's attack. The harpy claws you! The hog barely misses you.
You hit something. The harpy closely misses you. The harpy claws you!
Something hits you! The hog misses you. The hog bites you.
* * * LOW HITPOINT WARNING * * *
The hog bites you!
* * * LOW HITPOINT WARNING * * *
Unknown command.
The harpy completely misses you. The harpy misses you.
You hear some strange, mumbled words.
Something summons a lindwurm!
The hog bites you!
* * * LOW HITPOINT WARNING * * *
The harpy misses you. The harpy barely misses you.
The harpy completely misses you. You block the harpy's attack.
The harpy claws you!!
You die...

######.#.......#+#.# #
.............>.#.#.#.#
..........####.#.#.#.#
..>..............#.#.#
.....................##
####.###########......#
#. #<......# #
#.......# #.h.....#
#.HH....# #.h.....#
#.h.....# ##{.....#
###.k....# #.†h.....#
#......### #......#


You could see a lindwurm, 2 harpies and 3 hogs.

Vanquished Creatures
  Rupert (Lair:5)
  Nessos (Lair:6)
  A minotaur (Lab)
  Josephine (D:11)
  2 hydras (Lair:6)
  Fannar (D:10)
  The ghost of gobwax the Basher, a journeyman FoFi of Okawaru (D:11)
  5 catoblepae
  4 two-headed ogres
  14 death yaks (Lair:6)
  Nergalle (Lair:4)
  4 oklob plants
  15 elephants (Lair:6)
  A centaur zombie (D:10)
  2 manticores (Lair:6)
  4 black mambas
  Joseph (D:8)
  A torpor snail (Lair:6)
  Psyche (D:8)
  2 gargoyles
  10 spiny frogs
  6 komodo dragons
  A rime drake (Lair:2)
  6 polar bears
  A queen bee (D:9)
  A troll (D:11)
  A minotaur skeleton (Lab)
  10 dream sheep
  16 blink frogs
  15 hippogriffs
  32 yaks
  2 redbacks (Lab)
  3 wraiths (D:11)
  2 wyverns
  2 hogs (D:12)
  5 hungry ghosts
  A basilisk (Lair:2)
  A vampire (D:11)
  A steam dragon (D:11)
  16 water moccasins
  2 hell hounds (D:11)
  A sky beast (D:5)
  13 porcupines
  2 orc warriors
  4 ogres
  10 wolves
  4 centaurs
  10 crocodiles
  8 bullfrogs
  A big kobold (D:4)
  6 scorpions
  10 killer bees
  A spriggan skeleton (Lab)
  16 wights
  2 electric eels
  2 howler monkeys
  4 crimson imps
  2 jellies
  Crazy Yiuf (D:7)
  10 hounds
  7 orc wizards
  6 orc priests
  2 bullfrog skeletons
  4 iguanas
  8 worker ants
  A killer bee zombie (D:7)
  A hound zombie (D:9)
  2 worker ant zombies
  13 adders
  3 gnolls (D:3)
  3 oozes
  2 adder skeletons
  2 dart slugs
  7 leopard geckos
  36 orcs
  3 giant cockroaches
  11 goblins
  6 hobgoblins
  14 jackals
  10 kobolds
  6 quokkas
  3 ball pythons
  11 bats
  4 frilled lizards
  A jackal zombie (D:7)
  5 rats
  A spectral orc (D:9)
  5 fungi
  5 plants
486 creatures vanquished.

Vanquished Creatures (collateral kills)
  A hydra (Lair:2)
  A wolf (Lair:2)
2 creatures vanquished.

Vanquished Creatures (others)
  A cyclops (D:11)
  3 centaurs (D:11)
  13 fungi
  13 plants
30 creatures vanquished.

Grand Total: 518 creatures vanquished

Notes
Turn   | Place    | Note
-------+----------+-------------------------------------------
     0 | D:1      | KingStallion the Barachi Fighter began the quest for the Orb.
     0 | D:1      | Reached XP level 1. HP: 18/18 MP: 1/1
   169 | D:1      | Reached XP level 2. HP: 25/25 MP: 2/2
   418 | D:1      | Found a sparkling altar of Nemelex Xobeh.
   510 | D:1      | Reached XP level 3. HP: 30/30 MP: 3/3
   819 | D:2      | Reached skill level 3 in Long Blades
  1047 | D:2      | Reached XP level 4. HP: 32/37 MP: 4/4
  1120 | D:2      | Found a shattered altar of Ashenzari.
  1380 | D:3      | Found a blossoming altar of Fedhas.
  1485 | D:3      | Reached skill level 1 in Short Blades
  1485 | D:3      | Reached XP level 5. HP: 10/42 MP: 5/5
  2072 | D:4      | Reached skill level 1 in Unarmed Combat
  2108 | D:4      | Reached XP level 6. HP: 49/49 MP: 6/6
  2149 | D:4      | Reached skill level 5 in Armour
  2177 | D:4      | Found a staircase to the Ecumenical Temple.
  2182 | Temple   | Entered the Ecumenical Temple
  2537 | D:4      | Found an iron altar of Okawaru.
  2550 | D:4      | Reached skill level 1 in Dodging
  2564 | D:4      | Became a worshipper of Warmaster Okawaru
  2745 | D:5      | Entered Level 5 of the Dungeon
  2753 | D:5      | Reached skill level 4 in Long Blades
  2753 | D:5      | Reached XP level 7. HP: 13/55 MP: 7/7
  2976 | D:5      | Found an opulent altar of Gozag.
  3174 | D:5      | Reached * piety under Okawaru
  3174 | D:5      | Reached skill level 5 in Fighting
  3174 | D:5      | Reached skill level 1 in Stealth
  3174 | D:5      | Reached skill level 5 in Shields
  3460 | D:5      | Found Luz Miho's Distillery.
  3469 | D:5      | Bought a potion of heal wounds for 50 gold pieces
  3587 | D:5      | Found a sparkling altar of Nemelex Xobeh.
  3594 | D:5      | Found a glowing golden altar of the Shining One.
  4036 | D:6      | Found Zequfo's General Store.
  4117 | D:6      | Reached XP level 8. HP: 36/62 MP: 6/8
  4396 | D:6      | Reached skill level 5 in Long Blades
  4495 | D:6      | Found a hide-covered altar of Uskayaw.
  4524 | D:6      | Reached ** piety under Okawaru
  4524 | D:6      | Reached skill level 1 in Evocations
  4606 | D:6      | Found a white marble altar of Elyvilon.
  4606 | D:6      | Found a runed door.
  4606 | D:6      | Noticed an angel
  4728 | D:7      | Reached skill level 1 in Invocations
  4888 | D:8      | Reached skill level 6 in Long Blades
  4927 | D:8      | Noticed Psyche
  4938 | D:8      | Killed Psyche
  4938 | D:8      | Reached XP level 9. HP: 40/69 MP: 7/10
  4947 | D:8      | Found a shadowy altar of Dithmenos.
  4962 | D:8      | Found a shimmering altar of Xom.
  4962 | D:8      | Found an ancient bone altar of Kikubaaqudgha.
  5117 | D:8      | Reached skill level 7 in Long Blades
  5215 | D:8      | Noticed Joseph
  5235 | D:8      | Killed Joseph
  5235 | D:8      | Reached *** piety under Okawaru
  5625 | D:8      | Reached skill level 8 in Long Blades
  5679 | D:8      | Found a bloodstained altar of Trog.
  5916 | D:9      | Noticed a two-headed ogre
  5955 | D:9      | Found a burning altar of Makhleb.
  5993 | D:9      | Killed a two-headed ogre
  5993 | D:9      | Reached XP level 10. HP: 21/77 MP: 12/12
  6013 | D:9      | Noticed a two-headed ogre
  6025 | D:9      | Reached **** piety under Okawaru
  6037 | D:9      | HP: 2/79 [killer bee (5)]
  6049 | D:8      | Gained mutation: Your skin changes colour to match your surroundings (Stealth+). [potion of mutation]
  6049 | D:8      | Gained mutation: You are partially covered in thin metallic scales. (AC +2) [potion of mutation]
  6049 | D:8      | Gained mutation: You are dopey. (Int -2) [potion of mutation]
  6049 | D:8      | Gained mutation: Your system is resistant to poisons. (rPois) [potion of mutation]
  6390 | D:7      | Found a runed door.
  6395 | D:7      | Noticed Crazy Yiuf
  6403 | D:7      | Killed Crazy Yiuf
  6873 | D:7      | Reached skill level 9 in Long Blades
  7154 | D:7      | Lost mutation: You are dopey. (Int -2) [potion of mutation]
  7154 | D:7      | Lost mutation: You are partially covered in thin metallic scales. (AC +2) [potion of mutation]
  7154 | D:7      | Gained mutation: Scrolls take you a little longer to read. [potion of mutation]
  7154 | D:7      | Gained mutation: You are clumsy. (Dex -2) [potion of mutation]
  7154 | D:7      | Gained mutation: You are dopey. (Int -2) [potion of mutation]
  7154 | D:7      | Gained mutation: You are partially covered in large bone plates. (SH +4) [potion of mutation]
  7634 | D:9      | Killed a two-headed ogre
  7681 | D:9      | Reached ***** piety under Okawaru
  7697 | D:9      | Reached skill level 10 in Long Blades
  7889 | D:9      | Found a basalt altar of Yredelemnul.
  8098 | D:10     | Entered Level 10 of the Dungeon
  8152 | D:10     | Reached XP level 11. HP: 82/86 MP: 14/14
  8200 | D:10     | Found Awuaduur's Book Shoppe.
  8342 | D:10     | Noticed Fannar
  8380 | D:10     | HP: 2/86 [ice beast[Fannar] (11)]
  8383 | D:10     | Killed Fannar
  9018 | D:10     | Noticed a two-headed ogre
  9033 | D:10     | Killed a two-headed ogre
  9033 | D:10     | Received a gift from Okawaru
  9033 | D:10     | Reached skill level 10 in Armour
  9090 | D:10     | Reached skill level 11 in Long Blades
  9528 | D:11     | Found a staircase to the Orcish Mines.
  9664 | D:11     | Noticed gobwax's ghost (journeyman FoFi)
  9717 | D:11     | Killed gobwax's ghost
 10104 | D:11     | Identified a scroll of acquirement
 10104 | D:11     | Got a jewelled helmet
 10110 | D:11     | Identified the +2 helmet of Gluttony {-Cast +Blink rF- MP+9 Str+8} (You acquired it on level 11 of the Dungeon)
 10410 | D:11     | Found a staircase to the Lair.
 10441 | Lair:1   | Entered Level 1 of the Lair of Beasts
 10792 | Lair:1   | Received a gift from Okawaru
 10797 | Lair:1   | Got a brightly glowing falchion {god gift}
 10798 | Lair:1   | Identified the +7 falchion of Valiance {antimagic, *Slow Dex+7} (Okawaru gifted it to you on level 1 of the Lair of Beasts)
 10985 | Lair:1   | Reached skill level 12 in Long Blades
 11091 | Lair:1   | Reached XP level 12. HP: 90/96 MP: 8/15
 11244 | Lair:1   | Got a faintly glowing ivory ring
 11247 | Lair:1   | Identified the ring "Jyost" {Wiz rPois MR+ Int+4} (You found it on level 1 of the Lair of Beasts)
 11859 | Lair:2   | Noticed a catoblepas
 11878 | Lair:2   | Killed a catoblepas
 11934 | Lair:2   | Noticed a seven-headed hydra
 11937 | Lair:2   | Killed a seven-headed hydra
 11937 | Lair:2   | Reached skill level 10 in Fighting
 11937 | Lair:2   | Reached skill level 13 in Long Blades
 12679 | Lair:3   | Received a gift from Okawaru
 12688 | Lair:3   | Got an ivory scimitar {god gift}
 12689 | Lair:3   | Identified the +1 scimitar of the Ego {slice, rF- Dex+4 SInv} (Okawaru gifted it to you on level 3 of the Lair of Beasts)
 13398 | Lair:4   | Found a staircase to the Swamp.
 13474 | Lair:5   | Gained mutation: You can hop longer distances. [Barachi growth]
 13474 | Lair:5   | Reached XP level 13. HP: 30/104 MP: 7/16
 13791 | Lair:5   | Found a staircase to the Slime Pits.
 13813 | Lair:5   | Reached skill level 14 in Long Blades
 14005 | Lair:5   | Noticed Rupert
 14050 | Lair:5   | Killed Rupert
 14050 | Lair:5   | Reached skill level 5 in Invocations
 14646 | Lair:6   | Entered Level 6 of the Lair of Beasts
 14712 | Lair:6   | Received a gift from Okawaru
 14817 | Lair:6   | Found a labyrinth entrance.
 14835 | Lab      | Entered a labyrinth
 15735 | Lab      | Noticed a minotaur
 15755 | Lab      | Killed a minotaur
 15755 | Lab      | Received a gift from Okawaru
 15820 | Lab      | Identified the Tome of Flamy Transmigration
 16385 | Lair:6   | Reached skill level 10 in Shields
 16612 | Lair:6   | Reached skill level 15 in Long Blades
 16862 | Lair:6   | Noticed Nessos
 16871 | Lair:6   | Killed Nessos
 16871 | Lair:6   | Reached XP level 14. HP: 110/114 MP: 8/17
 17581 | Lair:6   | Reached skill level 1 in Axes
 17661 | Lair:6   | Reached skill level 5 in Dodging
 17778 | Lair:6   | Reached ****** piety under Okawaru
 18327 | Lair:6   | Received a gift from Okawaru
 19313 | Slime:1  | Entered Level 1 of the Pits of Slime
 19435 | Lair:4   | Received a gift from Okawaru
 19436 | Lair:4   | Got a dazzling hat {god gift}
 19491 | Lair:4   | Identified the +1 hat of Bitterness {Str-4 Int+7} (Okawaru gifted it to you on level 4 of the Lair of Beasts)
 19593 | Lair:4   | Found a hole to the Spider Nest.
 19628 | Lair:4   | You fall through a shaft for 2 floors!
 19721 | Lair:4   | Noticed Nergalle
 19735 | Lair:4   | Killed Nergalle
 20377 | D:11     | Noticed Josephine
 20420 | D:11     | Reached XP level 15. HP: 83/123 MP: 9/19
 20424 | D:11     | Killed Josephine
 20613 | D:12     | Found Womyh's Magic Scroll Shop.
 20615 | D:12     | Noticed Kirke
 20651 | D:12     | Slain by a harpy

Skill      XL: |  1  2  3  4  5  6  7  8  9 10 11 12 13 14 |
---------------+-------------------------------------------+-----
Long Blades    | 3 4 6 8 10 12 13 15 | 15.6
Armour         | 4 5 6 7 8 9 10 11 12 13 | 13.9
Fighting       | 4 5 6 8 9 10 11 13 | 13.2
Shields        | 4 5 6 7 9 10 13 | 13.2
Short Blades   | 1 2 3 4 |  4.0
Unarmed Combat | 1 2 |  2.5
Dodging        | 1 2 4 5 |  5.1
Stealth        | 1 3 |  3.6
Evocations     | 2 3 4 |  4.6
Invocations    | 1 3 4 5 |  5.5
Axes           | 1 |  1.3
Maces & Flails | |  0.7

Action                   |  1- 3 |  4- 6 |  7- 9 | 10-12 | 13-15 || total
-------------------------+-------+-------+-------+-------+-------++-------
Melee: Long sword        |    53 |       |   195 |   533 |       ||   781
       Dagger            |    75 |   128 |    70 |     3 |       ||   276
       Mace              |       |       |     4 |       |       ||     4
       Short sword       |       |       |    22 |    70 |       ||    92
       Falchion          |       |       |       |   326 |   515 ||   841
       Unarmed           |       |       |       |     3 |     5 ||     8
       Scimitar          |       |       |       |    99 |       ||    99
       Demon blade       |       |       |       |       |   455 ||   455
       Broad axe         |       |       |       |       |     5 ||     5
Invok: Heroism           |       |       |     5 |     9 |    14 ||    28
       Finesse           |       |       |       |     1 |     5 ||     6
 Abil: Hop               |       |       |     1 |     2 |     2 ||     5
       Evoke Blink       |       |       |       |       |     1 ||     1
Evoke: Wand              |       |       |     4 |     3 |    24 ||    31
       Lamp of fire      |       |       |       |     1 |       ||     1
       Phantom mirror    |       |       |       |     1 |       ||     1
  Use: Potion            |     1 |       |     3 |    13 |     7 ||    24
       Scroll            |       |     6 |     8 |     6 |     5 ||    25
 Stab: Paralysed         |       |       |    16 |       |     3 ||    19
       Held in net/web   |       |       |       |     1 |       ||     1
       Invisible         |       |       |       |       |     3 ||     3
  Eat: Chunk             |     1 |     5 |    10 |    20 |     6 ||    42
       Fruit             |       |       |     3 |     1 |    26 ||    30
       Bread ration      |       |       |       |     2 |       ||     2
Armor: Scale mail        |    47 |       |       |       |       ||    47
       Chain mail        |    30 |    72 |   126 |   338 |   257 ||   823
       Skin              |       |       |       |       |     3 ||     3
Dodge: Dodged            |    45 |    23 |    78 |   388 |   211 ||   745
Block: Shield            |    78 |    69 |   153 |    56 |   682 ||  1038
       Buckler           |       |       |       |   528 |   118 ||   646
       Reflection        |       |       |       |     1 |    24 ||    25
       Other             |       |       |       |       |     6 ||     6
       Rpst.: Long sword |     5 |       |    12 |    70 |       ||    87
       Falchion          |       |       |       |    23 |    20 ||    43
       Scimitar          |       |       |       |    14 |       ||    14
       Demon blade       |       |       |       |       |    22 ||    22
